 Dungeon Crawl Stone Soup version 0.22-a0-253-gf9d0ce5 (webtiles) character file.

10 GameOver the Sneak (level 2, -2/22 HPs)
             Began as a Naga Wizard on Mar 3, 2018.
             Killed from afar by Sigmund (12 damage)
             ... with a magic dart
             ... on level 2 of the Dungeon.
             The game lasted 00:01:34 (737 turns).

GameOver the Sneak (Naga Wizard)                     Turns: 737, Time: 00:01:35

Health: -2/22      AC:  1    Str:  9    XL:     2   Next: 20%
Magic:  2/6        EV: 10    Int: 18    God:
Gold:   59         SH:  0    Dex:  9    Spells: 6/7 levels left

rFire    . . .     SeeInvis +   h - +0 short sword
rCold    . . .     Gourm    .   (no shield)
rNeg     . . .     Faith    .   a - +0 robe
rPois    +         Spirit   .   b - +0 hat
rElec    .         Reflect  .   (no cloak)
rCorr    .         Harm     .   (no gloves)
MR       .....                  (no barding)
Stlth    ++........             (no amulet)
HPRegen  0.07/turn              (no ring)
MPRegen  0.10/turn              (no ring)

@: short of breath, very slow
A: large, see invisible, deformed body, poison resistance, slowness 2, slow
metabolism 1, spit poison 1, AC +0
a: Spit Poison


You were on level 2 of the Dungeon.
You were not hungry.

You visited 1 branch of the dungeon, and saw 2 of its levels.

You collected 59 gold pieces.

Inventory:

Hand Weapons
 h - a +0 short sword (weapon)
Armour
 a - a +0 robe (worn)
 b - a +0 hat (worn)
 m - a +0 buckler
Scrolls
 c - a scroll of noise {unknown}
 e - 3 scrolls of identify {unknown}
 g - a scroll of amnesia {unknown}
 i - 3 scrolls of teleportation {unknown}
 j - a scroll of fog {unknown}
 k - a scroll of enchant armour {unknown}
 l - a scroll of remove curse {unknown}
Potions
 f - 2 potions of lignification {unknown}
 n - a potion of agility {unknown}
Comestibles
 d - 3 rations


   Skills:
 - Level 1.5 Dodging
 + Level 3.4 Stealth
 - Level 3.0 Spellcasting
 * Level 1.9 Conjurations
   Level 1.0 Summonings
   Level 1.0 Translocations


You had 6 spell levels left.
You knew the following spells:

 Your Spells              Type           Power        Failure   Level  Hunger
a - Magic Dart            Conj           #...         8%          1    None


Dungeon Overview and Level Annotations

Branches:
Dungeon (2/15)

Altars:

Annotations:
D:2 Sigmund


Innate Abilities, Weirdness & Mutations

You cannot wear boots.
Your serpentine skin is tough. (AC +0)
You have supernaturally acute eyesight. (SInv)
Armour fits poorly on your strangely shaped body.
Your system is resistant to poisons. (rPois)
You cover ground very slowly.
You have a slow metabolism.
You can spit poison.


Message History

Ouch! That really hurt!
Casting: Magic Dart (safe; 8% risk of failure)
Confirm with . or Enter, or press ? or * to list all spells.
Aiming: Magic Dart (safe; 8% risk of failure)
Press: ? - help, Shift-Dir - straight line, f/p - Sigmund
Aim: Sigmund, wielding a scythe and wearing a robe (moderately wounded, poisoned)
The magic dart hits Sigmund.
Sigmund is heavily wounded.
Casting: Magic Dart (safe; 8% risk of failure)
Confirm with . or Enter, or press ? or * to list all spells.
Aiming: Magic Dart (safe; 8% risk of failure)
Press: ? - help, Shift-Dir - straight line, f/p - Sigmund
Aim: Sigmund, wielding a scythe and wearing a robe (heavily wounded, poisoned)
The magic dart hits Sigmund.
Sigmund is heavily wounded.
Sigmund closely misses you. Sigmund casts a spell at you.
The magic dart hits you!
Ouch! That really hurt!
You die...

##.......... #...####.##.
#.........# #....##.#.#
#+##### #.........#
....... #...###.###.#
....... #...........#
.......
#...###.########.......
...............@'.@.....
#########.########.......
#.# ####### #.# #.# #.#
#.# #.


You could see Sigmund.

Vanquished Creatures
  3 goblins
  2 bats
  2 kobolds (D:1)
  4 rats
11 creatures vanquished.

Notes
Turn   | Place    | Note
-------+----------+-------------------------------------------
     0 | D:1      | GameOver the Naga Wizard began the quest for the Orb.
     0 | D:1      | Reached XP level 1. HP: 15/15 MP: 4/4
   515 | D:1      | Reached XP level 2. HP: 22/22 MP: 4/6
   730 | D:2      | Noticed Sigmund
   737 | D:2      | Killed from afar by Sigmund

Vault maps used:
D:1:      roderic_dead_forest
D:2:      lemuel_tele_altar, uniq_sigmund, uniq_natasha

Action                   || total
-------------------------++-------
 Cast: Magic Dart        ||    13
 Abil: Spit Poison       ||    10
Armor: Robe              ||     1
Dodge: Dodged            ||     3

Table legend:
 A = Spawn XP
 B = Non-spawn XP
 C = Spawn XP percentage of total XP
 D = Spawn monster count
 E = Non-spawn monster count
 F = Spawn count percentage of total count
 G = Total turns spent on level
                    A         B        C        D         E        F      G
               +---------+---------+-------+---------+---------+-------+---------
         Total |       0 |      15 |   0.0 |       0 |      11 |   0.0 |   737
               +---------+---------+-------+---------+---------+-------+---------
           D:1 |       0 |      11 |   0.0 |       0 |       8 |   0.0 |   632
           D:2 |       0 |       4 |   0.0 |       0 |       3 |   0.0 |   105
               +---------+---------+-------+---------+---------+-------+---------
